 Dungeon Crawl Stone Soup version 0.21.0 (webtiles) character file.

1171 Jynx the Basher (level 8, -14/52 HPs)
             Began as a Gargoyle Fighter on Jan 6, 2018.
             Was a Follower of Okawaru.
             Killed by divine providence
             ... invoked by an orc priest
              (16 damage)
             ... on level 6 of the Dungeon.
             The game lasted 00:09:17 (5395 turns).

Jynx the Basher (Gargoyle Fighter)                  Turns: 5395, Time: 00:09:18

Health: -14/52     AC: 17    Str: 26    XL:     8   Next: 41%
Magic:  7/8        EV:  7    Int:  9    God:    Okawaru [*.....]
Gold:   330        SH:  9    Dex: 10    Spells: 7/7 levels left

rFire    . . .     SeeInvis .   a - +1 flail (crush)
rCold    . . .     Gourm    .   c - +0 shield
rNeg     + . .     Faith    .   b - +1 scale mail
rPois    ∞         Spirit   .   (no helmet)
rElec    +         Reflect  .   (no cloak)
rCorr    .         Harm     .   x - +2 pair of gloves
MR       .....                  g - +0 pair of boots
Stlth    +.........             (no amulet)
HPRegen  0.17/turn              e - ring of stealth
MPRegen  0.11/turn              (no ring)

@: mighty
A: negative energy resistance 1, electricity resistance, unbreathing,
petrification resistance, rot immunity, AC +5
a: Heroism, Renounce Religion


You were on level 6 of the Dungeon.
You worshipped Okawaru.
Okawaru was aware of your devotion.
You were not hungry.

You visited 2 branches of the dungeon, and saw 7 of its levels.

You collected 330 gold pieces.

Inventory:

Hand Weapons
 a - a +1 flail of crushing (weapon)
Armour
 b - a +1 scale mail (worn)
 c - a +0 shield (worn)
 g - a +0 pair of boots (worn)
 x - a +2 pair of gloves (worn)
Jewellery
 e - a ring of stealth (left hand)
Scrolls
 k - 3 scrolls of remove curse
 m - 3 scrolls of blinking
 o - 3 scrolls of teleportation
Potions
 h - 2 potions of heal wounds
 i - 4 potions of agility
 j - 4 potions of curing
 l - 2 potions of cancellation
 n - a potion of berserk rage
 p - a potion of lignification
 u - a potion of brilliance {unknown}
Comestibles
 f - 13 rations


   Skills:
 + Level 6.9 Fighting
 * Level 8.3 Maces & Flails
 - Level 3.2 Armour
 - Level 3.2 Shields


You had 7 spell levels left.
You didn't know any spells.

Dungeon Overview and Level Annotations

Branches:
Dungeon (6/15)             Temple (1/1) D:4

Altars:
Ashenzari
Hepliaklqana
Kikubaaqudgha
Okawaru
Ru
Sif Muna
Trog
Yredelemnul


Innate Abilities, Weirdness & Mutations

You are resistant to torment.
Your stone body is resilient. (AC +5)
You are immune to poison.
You resist negative energy. (rN+)
You are resistant to electric shocks. (rElec)
You can survive without breathing.
You are immune to petrification.
You are immune to rotting.


Message History

The hound is severely wounded.
The hound bites you. The hound bites you but does no damage.
The orc priest mumbles some strange prayers to Beogh against you.
Beogh smites you!
* * * LOW HITPOINT WARNING * * *
The gnoll hits you but does no damage. The orc barely misses you.
The hound barely misses you. The hound bites you but does no damage.
You block the gnoll's attack.
The orc priest invokes the aid of Beogh against you.
Beogh smites you!
* * * LOW HITPOINT WARNING * * *
You block the hound's attack.
The orc priest looks braver for a moment.
The hound barely misses you. You block the orc warrior's attack.
The orc barely misses you.
You feel like a meek peon again. The hound barely misses you.
The orc priest calls down the wrath of Beogh upon you.
Beogh smites you!
You die...

#.......>......## #
#...............# ##
#...............## #.
##...............###.
##............#..##.
#####
##.........>.###...
####...## #..........##
##..
##.......###..#.......#
##.
..........##@.##.....##
#.
..........gh.####...##
## .........goog##
##### # .......o.oh...#
##### .......gg....##
#.... ........g...##
##... ............#
#... ...........## ##..
..........## ##.


You could see an orc warrior, a gnoll sergeant, 2 hounds, an orc priest, 5
gnolls and 2 orcs.

Vanquished Creatures
  Menkaure (D:6)
  An ice beast (D:4)
  An ogre (D:4)
  A centaur (D:6)
  2 scorpions (D:4)
  A howler monkey (D:6)
  The ghost of Jynx the Skirmisher, a weakling GrFi (D:3)
  A centaur zombie (D:5)
  2 crimson imps (D:5)
  A jelly (D:5)
  2 orc priests
  An orc wizard (D:4)
  5 worker ants (D:4)
  2 iguanas (D:4)
  A killer bee zombie (D:6)
  A hound skeleton (D:4)
  3 gnolls (D:4)
  5 adders
  An ooze (D:1)
  An adder skeleton (D:4)
  An adder zombie (D:5)
  A worm (D:3)
  4 dart slugs
  6 leopard geckos
  21 orcs
  A ball python (D:4)
  7 bats
  5 giant cockroaches
  4 goblins
  3 hobgoblins (D:1)
  3 jackals
  9 kobolds
  A quokka (D:5)
  A frilled lizard (D:3)
  A leopard gecko skeleton (D:5)
  2 rats (D:1)
104 creatures vanquished.

Notes
Turn   | Place    | Note
-------+----------+-------------------------------------------
     0 | D:1      | Jynx the Gargoyle Fighter began the quest for the Orb.
     0 | D:1      | Reached XP level 1. HP: 14/14 MP: 1/1
    15 | D:1      | Reached XP level 2. HP: 19/19 MP: 2/2
   291 | D:1      | Reached skill level 3 in Maces & Flails
   525 | D:2      | Reached XP level 3. HP: 24/24 MP: 3/3
  1414 | D:2      | Reached XP level 4. HP: 29/29 MP: 4/4
  1849 | D:3      | Reached skill level 4 in Maces & Flails
  2058 | D:3      | Noticed Jynx's ghost (weakling GrFi)
  2066 | D:3      | Killed Jynx's ghost
  2066 | D:3      | Reached XP level 5. HP: 28/34 MP: 5/5
  3072 | D:4      | Reached skill level 5 in Maces & Flails
  3086 | D:4      | Noticed an ogre
  3093 | D:4      | Killed an ogre
  3093 | D:4      | Reached skill level 5 in Fighting
  3093 | D:4      | Reached XP level 6. HP: 8/40 MP: 6/6
  3094 | D:4      | Noticed an ice beast
  3096 | D:4      | Killed an ice beast
  3096 | D:4      | Reached skill level 6 in Maces & Flails
  3360 | D:4      | Reached XP level 7. HP: 39/44 MP: 7/7
  3867 | D:4      | Found a staircase to the Ecumenical Temple.
  3880 | Temple   | Entered the Ecumenical Temple
  3895 | Temple   | Became a worshipper of Warmaster Okawaru
  3910 | D:4      | Reached skill level 7 in Maces & Flails
  4173 | D:5      | Entered Level 5 of the Dungeon
  4390 | D:5      | Reached XP level 8. HP: 43/52 MP: 8/8
  4543 | D:5      | Found a hazy altar of Hepliaklqana.
  4649 | D:5      | Found a sacrificial altar of Ru.
  4652 | D:5      | Found a bloodstained altar of Trog.
  4655 | D:5      | Found an ancient bone altar of Kikubaaqudgha.
  5165 | D:6      | Noticed Menkaure
  5173 | D:6      | Killed Menkaure
  5173 | D:6      | Reached * piety under Okawaru
  5173 | D:6      | Reached skill level 8 in Maces & Flails
  5392 | D:6      | HP: 1/52 [orc priest/divine providence (13)]
  5395 | D:6      | Killed from afar by an orc priest

Skill      XL: |  1  2  3  4  5  6  7  8 |
---------------+-------------------------+-----
Maces & Flails | 3 4 5 6 7 8 |  8.3
Fighting       | 4 5 6 |  6.9
Armour         | |  3.2
Shields        | |  3.2

Action                   |  1- 3 |  4- 6 |  7- 9 || total
-------------------------+-------+-------+-------++-------
Melee: Flail             |   127 |   213 |   165 ||   505
Invok: Heroism           |       |       |     1 ||     1
  Use: Scroll            |     2 |     5 |    11 ||    18
       Potion            |       |     1 |     2 ||     3
  Eat: Chunk             |     2 |     5 |     8 ||    15
Armor: Scale mail        |    92 |    88 |    80 ||   260
Dodge: Dodged            |    53 |    54 |    59 ||   166
Block: Shield            |    81 |    96 |    73 ||   250
